 Dungeon Crawl Stone Soup version 0.29-a0-234-g0dae59b3db (webtiles) character file.

Game seed: 3846014423943028990

22 jlumianski the Chopper (level 2, -1/22 HPs)
             Began as a Demonspawn Gladiator on Mar 3, 2022.
             Slain by a worm (7 damage)
             ... on level 2 of the Dungeon.
             The game lasted 00:02:54 (663 turns).

jlumianski the Chopper (Demonspawn Gladiator)        Turns: 663, Time: 00:02:55

Health: -1/22      AC:  3    Str: 14    XL:     2   Next: 68%
Magic:  2/2        EV: 12    Int:  9    God:
Gold:   32         SH:  0    Dex: 14    Spells: 1/1 levels left

rFire   . . .      SeeInvis .   a - +0 war axe
rCold   . . .      Faith    .   (no shield)
rNeg    + . .      Spirit   .   b - +0 leather armour
rPois   .          Reflect  .   (helmet restricted)
rElec   .          Harm     .   (no cloak)
rCorr   .          Rampage  .   (no gloves)
Will    .....                   (no boots)
Stlth   +.........              (no amulet)
HPRegen 0.07/turn               f - ring of positive energy
MPRegen 0.08/turn               (no ring)

@: no status effects
A: horns 1
a: no special abilities


You were on level 2 of the Dungeon.
You visited 1 branch of the dungeon, and saw 2 of its levels.

You collected 32 gold pieces.

Inventory:

Hand Weapons
 a - a +0 war axe (weapon)
 q - a +0 great sword
Missiles
 d - 3 throwing nets
 e - 46 stones (quivered)
Armour
 b - a +0 leather armour (worn)
 c - a +0 helmet
 i - a +0 pair of gloves
Jewellery
 f - a ring of positive energy (left hand)
Scrolls
 k - a scroll of identify {unknown}
 n - a scroll of summoning {unknown}
 p - a scroll of vulnerability {unknown}
Potions
 g - a potion of attraction
 h - a potion of mutation {unknown}
 j - a potion of curing {unknown}
 l - a potion of lignification {unknown}
 m - a potion of flight {unknown}
 o - a potion of brilliance {unknown}


   Skills:
 + Level 2.2 Fighting
 + Level 3.1 Axes
 + Level 1.8 Throwing
 + Level 0.3 Armour
 + Level 2.9 Dodging


You had one spell level left.
You didn't know any spells.
Your spell library was empty.

Dungeon Overview and Level Annotations

Branches:
Dungeon (2/15)

Altars:

Annotations:
D:1 Jessica


Innate Abilities, Weirdness & Mutations

You have a pair of small horns on your head.


Message History

Press: ? - help, Q - select action, (/) - cycle Shift-Dir - straight line, f/p - Jessica
Aim: Jessica, wielding a +0 dagger and wearing a +0 robe (lightly wounded, fast, 59% to hit)
You throw a stone.
The stone hits Jessica but does no damage.
Jessica is lightly wounded.
Jessica grins evilly.
Throw: 47 stones
Press: ? - help, Q - select action, (/) - cycle Shift-Dir - straight line, f/p - Jessica
Aim: Jessica, wielding a +0 dagger and wearing a +0 robe (lightly wounded, fast, 59% to hit)
You throw a stone. The stone hits Jessica.
Jessica is moderately wounded.
You can't go down here!
Jessica hits you with a +0 dagger. The hobgoblin hits you.
Jessica hits you with a +0 dagger.
You climb upwards.
There is a stone staircase leading down here.
You closely miss Jessica.
Jessica is moderately wounded.
You hit the hobgoblin. Jessica misses you. The hobgoblin misses you.
Jessica mumbles some strange words.
Jessica blinks!
You hit Jessica.
Jessica is heavily wounded.
You barely miss the hobgoblin. Jessica hits you with a +0 dagger.
The hobgoblin hits you. Jessica hits you with a +0 dagger.
You barely miss Jessica.
Jessica is heavily wounded.
You hit the hobgoblin. Jessica barely misses you. The hobgoblin hits you.
* * * LOW HITPOINT WARNING * * *
Jessica casts a spell.
Jessica blinks!
The hobgoblin barely misses you.
You slash the hobgoblin!
You kill the hobgoblin!
Jessica gestures at you while chanting. Pain shoots through your body!
* * * LOW HITPOINT WARNING * * *
Jessica gestures wildly.
Okay, then.
You climb downwards.
The worm bites you!
You die...

# ##. #####
....##...##
..........##
.......w...#
.......@...#
...(.......#
(.........##
#...##$..##
### #####


You could see a worm.

Vanquished Creatures
  A dart slug (D:1)
  A ball python (D:1)
  2 endoplasms (D:1)
  A giant cockroach (D:1)
  6 hobgoblins (D:1)
  A quokka (D:1)
  A bat (D:1)
  3 goblins (D:1)
16 creatures vanquished.

Vanquished Creatures (others)
  6 plants (D:1)
  9 withered plants (D:1)
15 creatures vanquished.

Grand Total: 31 creatures vanquished

Notes
Turn   | Place    | Note
-------+----------+-------------------------------------------
     0 | D:1      | jlumianski the Demonspawn Gladiator began the quest for the
                  | Orb.
     0 | D:1      | Reached XP level 1. HP: 16/16 MP: 1/1
    85 | D:1      | Reached skill level 3 in Axes
    85 | D:1      | Gained mutation: You have a pair of small horns on your
                  | head. [demonic ancestry]
    85 | D:1      | Reached XP level 2. HP: 21/22 MP: 2/2
   108 | D:1      | Found a faded altar of an unknown god.
   649 | D:2      | Noticed Jessica
   663 | D:2      | Slain by a worm

Illustrated notes

Levels and vault maps discovered:
D:1:      dpeg_arrival_simpleton_a, layout_rooms,
          shapermc_ecumenical_altar_flowoftime
D:2:      layout_rooms, basic_altar, serial_curves, eino_curves_04,
          eino_curves_03, uniq_jessica, uniq_robin, uniq_natasha

Skill      XL: |  1 |
---------------+----+-----
Axes           | 3 |  3.1
Fighting       | |  2.2
Throwing       | |  1.8
Armour         | |  0.3
Dodging        | |  2.9

Action                   || total
-------------------------++-------
Melee: War axe           ||    63
       Headbutt          ||    12
Throw: Stone             ||     5
  Use: Potion            ||     1
Armor: Leather armour    ||    10
Dodge: Dodged            ||    23

Table legend: (Time is in decaauts)
 A = Elapsed time spent in this place.
 B = Non-inter-level travel time spent in this place.
 C = Inter-level travel time spent in this place.
 D = Time resting spent in this place.
 E = Time spent auto-exploring this place.
 F = Levels seen in this place.
 G = Mean time per level.
                   A        B        C        D        E       F      G
               +--------+--------+--------+--------+--------+-----+--------+
         Total |    684 |    684 |      0 |      0 |    383 |   2 |  342.0 |
       Dungeon |    684 |    684 |      0 |      0 |    383 |   2 |  342.0 |
               +--------+--------+--------+--------+--------+-----+--------+

Top non-repeatable levels by time:
     D:1: 676 daAuts
     D:2: 7 daAuts
